 Dungeon Crawl Stone Soup version 0.21.1-1-g345015f (webtiles) character file.

52 Iko the Cudgeler (level 3, -4/27 HPs)
             Began as a Hill Orc Gladiator on June 8, 2018.
             Was an Initiate of Hepliaklqana.
             Slain by an iguana (6 damage)
             ... on level 4 of the Dungeon.
             The game lasted 00:08:09 (685 turns).

Iko the Cudgeler (Hill Orc Gladiator)                Turns: 685, Time: 00:08:10

Health: -4/27      AC:  8    Str: 16    XL:     3   Next: 85%
Magic:  3/3        EV:  7    Int:  9    God:    Hepliaklqana [......]
Gold:   86         SH:  3    Dex: 12    Spells: 2/2 levels left

rFire    . . .     SeeInvis .   h - +0 hand axe (chop)
rCold    . . .     Gourm    .   i - +0 buckler
rNeg     . . .     Faith    .   k - -1 chain mail (curse)
rPois    .         Spirit   .   c - +0 helmet
rElec    .         Reflect  .   (no cloak)
rCorr    .         Harm     .   (no gloves)
MR       .....                  (no boots)
Stlth    ..........             (no amulet)
HPRegen  0.09/turn              e - ring of wizardry
MPRegen  0.08/turn              a - ring of wizardry

@: no status effects
A: reduced essence
a: Recall Ancestor, Ancestor Identity, Renounce Religion


You were on level 4 of the Dungeon.
You worshipped Hepliaklqana.
Hepliaklqana was noncommittal.
You were not hungry.

You visited 1 branch of the dungeon, and saw 4 of its levels.

You collected 86 gold pieces.

Inventory:

Hand Weapons
 h - a +0 hand axe of chopping (weapon)
Missiles
 d - 2 throwing nets (quivered)
Armour
 c - a +0 helmet (worn)
 i - a +0 buckler (worn)
 k - a cursed -1 chain mail (worn)
Jewellery
 a - a ring of wizardry (right hand)
 e - a ring of wizardry (left hand)
Wands
 g - a wand of scattershot (3)
Scrolls
 b - a scroll of teleportation
 j - a scroll of blinking
Comestibles
 f - 5 rations


   Skills:
 + Level 2.8 Fighting
 + Level 0.5(2.7) Axes
   Level 3.5(3.6) Maces & Flails
 + Level 2.0 Throwing
 + Level 0.7 Armour
 + Level 3.2 Dodging


You had 2 spell levels left.
You didn't know any spells.

Dungeon Overview and Level Annotations

Branches:
Dungeon (4/15)
 Temple: D:4-7

Altars:
Hepliaklqana
Xom

Annotations:
D:4 Grinder


Message History

An iguana comes into view.
The iguana hisses angrily.
The iguana closely misses you.
You completely miss the iguana.
The iguana bites you but does no damage.
You hit the iguana.
The iguana is lightly wounded.
The iguana barely misses you.
You hit the iguana.
The iguana is heavily wounded.
The iguana bites you but does no damage.
Your chain mail prevents you from hitting the iguana.
The iguana is heavily wounded.
Synnove emerges from the mists of memory!
The iguana bites you!
* * * LOW HITPOINT WARNING * * *
You hit the iguana.
The iguana is severely wounded.
The iguana bites you.
You die...

#.#### #.....
#.#### ##.####
############....[.
#.........5...##..
#.###########.##..
#.# #..... #@#
####.. #l# #.. #R#
#.. #.# #######
#.. ....... ###
.######


You could see the friendly Synnove the ancestor and an iguana.

Vanquished Creatures
  Jessica (D:3)
  A worm (D:4)
  A leopard gecko (D:1)
  An orc (D:4)
  A goblin (D:1)
  A kobold (D:1)
  A quokka (D:4)
  3 bats (D:1)
  3 frilled lizards
  A rat (D:1)
14 creatures vanquished.

Vanquished Creatures (collateral kills)
  An adder (D:4)
1 creature vanquished.

Vanquished Creatures (others)
  An ancestor (D:4)
1 creature vanquished.

Grand Total: 16 creatures vanquished

Notes
Turn   | Place    | Note
-------+----------+-------------------------------------------
     0 | D:1      | Iko the Hill Orc Gladiator began the quest for the Orb.
     0 | D:1      | Reached XP level 1. HP: 18/18 MP: 1/1
   110 | D:1      | Reached XP level 2. HP: 17/25 MP: 2/2
   231 | D:1      | You fall through a shaft!
   319 | D:3      | Noticed Jessica
   321 | D:3      | Killed Jessica
   321 | D:3      | Reached XP level 3. HP: 30/30 MP: 3/3
   483 | D:4      | Found a shimmering altar of Xom.
   485 | D:4      | Found a hazy altar of Hepliaklqana.
   486 | D:4      | Noticed a spectral ugly thing
   489 | D:4      | Became a worshipper of Hepliaklqana the Forgotten
   615 | D:4      | Noticed Grinder
   662 | D:4      | Paralysed by Grinder for 4 turns
   670 | D:4      | Paralysed by Grinder for 2 turns
   685 | D:4      | Slain by an iguana

Skill      XL: |  1  2 |
---------------+-------+-----
Throwing       | 2 |  2.0
Dodging        | 3 |  3.2
Fighting       | |  2.8
Axes           | |  0.5
Maces & Flails | |  3.5
Armour         | |  0.7

Action                   || total
-------------------------++-------
Melee: Flail             ||    24
       Hand axe          ||    30
Throw: Throwing net      ||     5
Invok: Recall Ancestor   ||     1
Evoke: Wand              ||     2
  Use: Scroll            ||     5
       Potion            ||     1
 Stab: Held in net/web   ||     1
Armor: Leather armour    ||     8
       Chain mail        ||    20
Dodge: Dodged            ||    23
